 Seeded DCSS version 0.30-a0-1018-g25214051b3 (webtiles) character file.

Game seed: 4840754667676823100 (custom seed)

375099 Pooter the Executioner (level 21, -12/182 (203) HPs)
             Began as a Minotaur Berserker on Apr 6, 2023.
             Was a High Priest of Trog.
             Mangled by Vv (17 damage)
             ... on level 2 of the Crypt on Apr 8, 2023.
             The game lasted 07:06:31 (54345 turns).

Pooter the Executioner (Minotaur Berserker)        Turns: 54345, Time: 07:06:32

HP:   -12/182 (203) AC: 41    Str: 33      XL:     21   Next: 78%
MP:   20/20         EV: 14    Int:  8      God:    Trog [*****.]
Gold: 2442          SH:  5    Dex: 15 (16) Spells: 20/20 levels left

rFire   + . .      SeeInvis +    a - +7 battleaxe (heavy)
rCold   + + +      Faith    .    (shield currently unavailable)
rNeg    . . .      Spirit   .    i - +12 plate armour of the Jabberwock {rC++ Regen+ Dex+4 Stlth-}
rPois   +          Reflect  +    A - +2 hat
rElec   +          Rampage  .    r - +2 cloak {Will+}
rCorr   +                        j - +3 pair of gauntlets of War {Slay+5}
Will    ++...                    (no boots) Stlth
                                 H - amulet of reflection
HPRegen 1.30/turn                w - +6 ring of strength
MPRegen 0.17/turn                z - ring of Xozxit {Fly Int+2 SInv}

@: mighty, resistant, on berserk cooldown, flying, slowed, studying Short
Blades, heavily drained, very slow
A: horns 2, retaliatory headbutt, hooves 1, iridescent scales 1, dopey 1,
electricity resistance, subdued magic 1
}: 2/15 runes: decaying, serpentine
a: Renounce Religion, Berserk, Trog's Hand, Brothers in Arms


You were on level 2 of the Crypt.
You worshipped Trog.
Trog was extremely pleased with you.
You visited 9 branches of the dungeon, and saw 40 of its levels.
You also visited: Ice Cave, Volcano and Wizlab.

You collected 5087 gold pieces.
You spent 2645 gold pieces at shops.

Inventory:

Hand Weapons
 a - a +7 heavy battleaxe (weapon)
   (Trog gifted it to you on level 14 of the Dungeon)
 b - a +2 arbalest of freezing
   (You took it off Vashnia on level 4 of the Snake Pit)
 o - the +8 arbalest of Doom {penet, Fragile Will+ Int+2 Stlth+}
   (You found it on level 1 of the Crypt)

   Int:       It affects your intelligence (+2).
   Fragile:   It will be destroyed if unequipped.
   Will:      It increases your willpower.
   Stlth:     It makes you more stealthy.
 q - the +7 war axe of Gehenna {antimagic, +Blink Fly}
   (You found it on level 1 of the Crypt)

   Fly:       It grants you flight.
   +Blink:    It lets you blink.
 y - a +2 great mace of holy wrath
   (You took it off a vault warden on level 2 of the Vaults)
 O - a +4 antimagic executioner's axe
   (Trog gifted it to you on level 2 of the Crypt)
Missiles
 k - 24 boomerangs (quivered)
 p - 10 curare-tipped darts
 V - 2 silver javelins
Armour
 i - the +12 plate armour of the Jabberwock (worn) {rC++ Regen+ Dex+4 Stlth-}
   (You acquired it on level 15 of the Dungeon)

   Dex:       It affects your dexterity (+4).
   rC:        It greatly protects you from cold.
   Regen:     It increases your rate of health regeneration.
   Stlth:     It makes you less stealthy.
 j - the +3 pair of gauntlets of War (worn) {Slay+5}
   (You acquired it on level 14 of the Dungeon)

   Slay:      It affects your accuracy & damage with ranged weapons and melee
   (+5).
 r - a +2 cloak of willpower (worn)
   (You took it off Maurice on level 8 of the Dungeon)
 A - a +2 hat (worn)
   (You took it off Gastronok on level 3 of the Lair of Beasts)
 S - a +8 chain mail of fire resistance
   (You found it in a volcano)
 W - a scarf of harm
   (You found it on level 4 of the Lair of Beasts)
Jewellery
 l - an amulet of regeneration
   (You found it on level 1 of the Crypt)
 w - a +6 ring of strength (left hand)
   (You found it on level 4 of the Dungeon)
 x - the ring "Qiwkeuz" {rPois rC+ Dex-2 Stlth+}
   (You acquired it on level 2 of the Dungeon)

   [ring of protection from cold]

   Dex:       It affects your dexterity (-2).
   rC:        It protects you from cold.
   rPois:     It protects you from poison.
   Stlth:     It makes you more stealthy.
 z - the ring of Xozxit (right hand) {Fly Int+2 SInv}
   (You found it on level 12 of the Dungeon)

   [ring of see invisible]

   Int:       It affects your intelligence (+2).
   SInv:      It lets you see invisible.
   Fly:       It grants you flight.
 C - a ring of resist corrosion
   (You found it on level 2 of the Vaults)
 F - a ring of protection from fire
   (You took it off a naga on level 2 of the Snake Pit)
 H - an amulet of reflection (around neck)
   (You found it on level 6 of the Dungeon)
 I - a ring of protection from cold
   (You found it on level 2 of the Snake Pit)
 K - a +6 ring of dexterity
   (You found it on level 5 of the Dungeon)
Wands
 d - a wand of iceblast (22)
   (You found it on level 11 of the Dungeon)
 u - a wand of paralysis (13)
   (You found it on level 2 of the Lair of Beasts)
 v - a wand of mindburst (15)
   (You took it off Maurice on level 8 of the Dungeon)
 D - a wand of digging (4)
   (You found it on level 1 of the Elven Halls)
 J - a wand of polymorph (5)
   (You found it on level 1 of the Vaults)
 P - a wand of light (12)
   (You took it off Erolcha on level 10 of the Dungeon)
Scrolls
 f - 6 scrolls of fear
 n - 3 scrolls of blinking
 t - 9 scrolls of teleportation {@r4}
 E - 4 scrolls of butterflies
 M - 5 scrolls of noise {!r}
 T - 6 scrolls of immolation {!r}
 X - 4 scrolls of fog
 Z - 3 scrolls of magic mapping
Potions
 e - 16 potions of curing {@q1}
 g - 6 potions of mutation {!q}
 h - 4 potions of flight
 m - 8 potions of heal wounds {@q2}
 B - 14 potions of lignification {!q}
 G - 5 potions of cancellation
 L - 4 potions of invisibility
 R - 2 potions of haste {@q3}
 U - 6 potions of might
Miscellaneous
 c - a box of beasts
   (You bought it in a shop on level 1 of the Snake Pit)
 N - a condenser vane
   (You found it on level 1 of the Lair of Beasts)
 Q - a tin of tremorstones (2/2)
   (You bought it in a shop on level 1 of the Snake Pit)


   Skills:
 + Level 20.9 Fighting
 * Level 23.9(24.1) Axes
 - Level 5.3(16.7) Polearms
 + Level 18.9 Ranged Weapons
 - Level 8.0 Throwing
 - Level 15.0 Armour
 + Level 12.3 Dodging
 + Level 12.4 Stealth
 + Level 11.3 Evocations


You had 20 spell levels left.
You didn't know any spells.
Your spell library was empty.

Dungeon Overview and Level Annotations

Branches:
Dungeon (15/15)            Temple (0/1) D:4            Lair (5/5) D:9
  Swamp (4/4) Lair:3        Snake (4/4) Lair:3        Slime (2/5) Lair:5
    Orc (2/2) D:11            Elf (3/3) Orc:2        Vaults (2/5) D:14
  Crypt (3/3) Vaults:2     Depths (0/4) D:15          IceCv (visited)
Volcano (visited)          WizLab (visited)
   Tomb: Crypt:3

Altars:
Ashenzari
Cheibriados
Dithmenos
Elyvilon
Fedhas
Gozag
Kikubaaqudgha
Nemelex Xobeh
Okawaru
Trog
Vehumet
Yredelemnul
Zin
The Shining One
Lugonu

Shops:
D:4 (   D:9 [   Orc:2 *([:   Elf:3 ?   Snake:1 !!*   Vaults:1 *   Vaults:2 [

Portals:
Abyss: D:6

Annotations:
Elf:2 3 runed translucent doors
Crypt:2 Vv
Crypt:3 Xtahua


Innate Abilities, Weirdness & Mutations

You have a pair of horns on your head.
You reflexively headbutt those who attack you in melee.
You have large cloven feet.
You are partially covered in iridescent scales. (AC +2)
You are dopey. (Int -2)
You are resistant to electric shocks. (rElec)
Your spells are a little easier to cast, but a little less powerful.


Message History

The skeletal warrior hits you but does no damage.
Xtahua thunders ferociously at you!
You easily resist.
Vv hits you but does no damage. x2
You barely miss the skeletal warrior. Your kick misses the skeletal warrior.
Your headbutt misses the skeletal warrior.
You closely miss Vv.
You chop the skeletal warrior into pieces!!!
You destroy the skeletal warrior!
Trog accepts your kill.
You hit Vv but do no damage. Xtahua thunders ferociously at you!
You easily resist.
You block Vv's attack. Vv hits you but does no damage.
The ice encasing you melts away. Vv hits you! Vv freezes you! You resist.
Vv hits you!
You are engulfed in flames!!
You see here a +0 long sword.
You feel a strong urge to attack something.
There is a stone staircase leading up, spattered with blood here.
You are no longer berserk.
You are exhausted.
You feel yourself slow down.
You fly upwards.
There is a stone staircase leading down, spattered with blood here.
You feel very mighty all of a sudden. Vv hits you but does no damage.
Vv barely misses you.
Vv calls freezing cold from the walls.
The frost grips you but does no damage.
You are encased in ice.
You slice Vv!! You kick Vv. Vv hits you but does no damage. Vv hits you!
You are engulfed in flames!!!
* * * LOW HITPOINT WARNING * * *
You feel protected. Vv hits you.
* * * LOW HITPOINT WARNING * * *
Vv freezes you! You resist.
* * * LOW HITPOINT WARNING * * *
Vv hits you but does no damage. You block Vv's attack. Vv hits you!
* * * LOW HITPOINT WARNING * * *
You are engulfed in flames!
You resist.
* * * LOW HITPOINT WARNING * * *
You slash Vv! You kick Vv! The ice encasing you melts away. Vv hits you!
* * * LOW HITPOINT WARNING * * *
Vv freezes you! You resist.
* * * LOW HITPOINT WARNING * * *
Vv hits you but does no damage.
You open Vv like a pillowcase!!! You kick Vv, but do no damage.
You headbutt Vv, but do no damage. Vv hits you!
You die...

#....###...#.#..§..
#............#.###.
####.#######.#.#..§
#.# #.#.#... #.###
#.#.#.○# #...#
#.#.#..# ###...###
#.#.#..# ##)......#
#...#... #[@[.....#
##..#### #9.......#
##..... #......###
#.)..# ###....#
#.#### ##.### #[#
#.# #.# #.# #.#
##.## ###[# #...#
#.)[#


You could see Vv.

Vanquished Creatures
  An ancient lich (WizLab)
  Bai Suzhen (Vaults:2)
  Sojobo (Crypt:2)
  Vashnia (Snake:4)
  Saint Roka (Crypt:2)
  the Lernaean hydra (Swamp:4)
  Jory (Crypt:2)
  2 shard shrike zombies (Crypt:2)
  Mlioglotl (Swamp:2)
  A lich (Crypt:2)
  2 deep elf master archers (Elf:3)
  2 deep elf blademasters (Elf:3)
  2 acid blobs (Slime:1)
  Frances (Swamp:1)
  Gastronok (Lair:3)
  11 ancient champions
  3 thorn hunters
  2 tengu reavers (Crypt:2)
  Kirke (Lair:3)
  Agnes (Elf:1)
  Roxanne (D:15)
  4 revenants
  A fenstrider witch (Swamp:2)
  A frost giant (D:12)
  A rockslime (Slime:1)
  Donald (Elf:1)
  8 nagarajas
  Aizul (Snake:4)
  A juggernaut zombie (Crypt:3)
  5 deep elf elementalists (Elf:3)
  5 vault wardens
  5 deep elf sorcerers (Elf:3)
  3 curse skulls
  A reaper (Crypt:2)
  A ghoul (Swamp:2)
  4 very ugly things (Vaults:2)
  4 ironbound thunderhulks
  A stone giant (Vaults:1)
  6 vampire knights
  7 ironbound preservers
  Azrael (D:12)
  5 deep elf demonologists (Elf:3)
  5 bunyips
  5 eleionomae
  9 deep elf annihilators
  8 dire elephants
  8 deep elf death magi
  7 eidola
  An entropy weaver (Vaults:1)
  A mummy priest (Crypt:3)
  The ghost of Newt the Skirmisher, a journeyman KoHu of Hepliaklqana (Lair:2)
  2 fire dragons
  6 great orbs of eyes
  8 jiangshi
  2 yaktaur captains
  15 vault guards
  22 hydras
  3 deep elf high priests
  3 shambling mangroves
  3 ghost crabs
  2 fenstrider witch zombies (Crypt:1)
  A salamander tyrant (Snake:4)
  Harold (D:10)
  A rakshasa (D:15)
  Erolcha (D:10)
  4 ironbound frosthearts (Vaults:2)
  8 anacondas
  8 centaur warriors
  12 dancing weapons
  15 naga warriors
  4 ogre magi
  A catoblepas (D:15)
  6 death yaks
  7 boulder beetles
  7 alligators
  A death yak (shapeshifter) (D:15)
  3 death knights
  15 two-headed ogres
  An orc high priest (Orc:2)
  6 vampire magi
  6 shock serpents
  11 naga sharpshooters
  A soul eater (Crypt:2)
  An emperor scorpion zombie (Crypt:3)
  2 hell knights
  7 spriggans
  A skyshark (Lair:5)
  11 deep elf knights
  An iron giant zombie (Crypt:3)
  Sonja (Lair:3)
  A bunyip zombie (Crypt:1)
  20 skeletal warriors
  An iron troll (D:14)
  29 deep trolls
  8 sea snakes (Snake:4)
  2 goliath frogs (Swamp:2)
  5 spriggan druids
  3 shadow wraiths
  A salamander mystic (Volcano)
  2 shadow dragon zombies (Crypt:3)
  4 bog bodies
  A glowing orange brain (D:15)
  7 flayed ghosts
  2 naga ritualists
  7 ironbound convokers
  3 orc knights
  25 deep elf pyromancers
  12 swamp dragons
  4 wizards
  12 phantasmal warriors
  A frost giant zombie (Vaults:2)
  5 lindwurms
  7 deep elf archers
  An anaconda skeleton (Crypt:1)
  3 mana vipers
  An oklob plant (Lair:2)
  6 necromancers
  5 will-o-the-wisps
  19 ugly things
  A shadow dragon skeleton (Crypt:1)
  27 deep elf zephyrmancers
  6 orc sorcerers
  A stone giant zombie (Crypt:1)
  6 cyclopes
  2 manticores
  3 elephants (Lair:4)
  6 vault sentinels
  A centaur zombie (Crypt:1)
  4 guardian serpents
  14 salamanders
  Maurice (D:8)
  2 molten gargoyles (Lair:5)
  34 black mambas
  2 ice statues (IceCv)
  11 naga magi
  A titan simulacrum (Vaults:2)
  2 naga zombies (Crypt:1)
  2 unseen horrors
  2 torpor snails
  A yaktaur (shapeshifter) (Elf:2)
  A red draconian zombie (Crypt:1)
  A sea snake zombie (Crypt:2)
  13 cane toads
  3 rime drakes
  9 yaktaurs
  2 orb spider zombies (Crypt:2)
  Psyche (D:8)
  A yaktaur zombie (Vaults:2)
  2 guardian mummies (Crypt:3)
  6 freezing wraiths
  7 komodo dragons
  2 harpy zombies (Crypt:1)
  A polar bear (Lair:2)
  A queen bee (shapeshifter) (D:15)
  10 trolls
  10 blink frogs (Lair:4)
  9 tyrant leeches
  12 dream sheep (Lair:5)
  A shadow dragon simulacrum (Crypt:3)
  6 hornets
  An ettin zombie (Crypt:1)
  50 slime creatures
  8 vampires
  2 wraiths
  5 air elementals
  4 large abominations (Elf:1)
  2 shadows
  6 flying skulls (Crypt:1)
  2 centaur simulacra
  2 water elementals
  6 wyverns
  7 fire elementals
  62 yaks
  5 hogs (Lair:3)
  An ushabti (Crypt:3)
  10 fire bats (Volcano)
  11 basilisks
  17 vampire mosquitoes
  8 steam dragons
  A death yak simulacrum (IceCv)
  13 swamp worms
  23 nagas
  5 wargs
  19 water moccasins
  A merfolk zombie (Crypt:1)
  A two-headed ogre zombie (WizLab)
  2 acid dragons
  7 hell hounds
  A demonspawn skeleton (Crypt:1)
  5 swamp drakes
  A sky beast (D:6)
  18 orc warriors
  2 ice beasts
  A black bear (D:8)
  An ettin simulacrum (Crypt:3)
  29 ogres
  13 wolves
  11 centaurs
  6 boggarts
  3 phantoms
  4 kobold brigands
  5 elf zombies (Elf:1)
  3 gnoll sergeants
  2 necrophages (Swamp:2)
  11 bullfrogs
  3 earth elementals
  A two-headed ogre simulacrum (D:12)
  7 scorpions
  A cane toad simulacrum (D:12)
  A draconian skeleton (Crypt:2)
  9 wights
  A raiju zombie (Crypt:1)
  9 troll zombies (WizLab)
  6 killer bees
  A queen bee zombie (Crypt:2)
  2 elephant simulacra
  A yak skeleton (Crypt:3)
  A spriggan skeleton (Crypt:2)
  2 electric eels (Elf:3)
  9 howler monkeys
  14 lava snakes
  2 centaur skeletons
  A black bear zombie (Crypt:3)
  11 orc priests
  2 hounds
  6 jellies
  2 sleepcaps
  2 iguanas (D:4)
  17 orc wizards
  A troll simulacrum (D:12)
  2 polar bear simulacra
  2 spriggan simulacra
  A wolf simulacrum (D:12)
  4 ogre zombies (WizLab)
  18 gnolls
  A naga simulacrum (D:12)
  4 adders
  4 white imps
  An ufetubus (D:6)
  An iguana zombie (Crypt:3)
  An iguana skeleton (Crypt:3)
  3 worms
  2 dart slugs
  48 orcs
  10 ball pythons
  11 endoplasms
  9 goblins
  4 hobgoblins
  3 jackals (D:3)
  18 kobolds
  6 quokkas
  10 bats
  5 frilled lizards
  A hobgoblin skeleton (Crypt:2)
  4 rats
  A lurking horror (D:6)
1466 creatures vanquished.

Vanquished Creatures (collateral kills)
  A sphinx (Vaults:1)
  A frost giant (Vaults:1)
  A vampire knight (Crypt:1)
  A deep elf death mage (Elf:3)
  A yaktaur captain (Vaults:1)
  2 vault guards (Vaults:1)
  An anaconda (Snake:4)
  An ironbound convoker (Vaults:1)
  2 phantasmal warriors (Crypt:1)
  A hydra skeleton (Crypt:1)
  A hydra zombie (Crypt:1)
  A stone giant simulacrum (Crypt:1)
  A shapeshifter skeleton (Crypt:1)
  A river rat skeleton (Crypt:1)
16 creatures vanquished.

Vanquished Creatures (others)
  An alligator (Swamp:2)
  A deep elf knight (Elf:3)
  A bloated husk (Swamp:4)
  19 foxfires (Swamp:2)
  38 fungi
  A lurking horror (D:6)
  36 plants
  9 toadstools (D:6)
106 creatures vanquished.

Grand Total: 1588 creatures vanquished

Notes
Turn   | Place    | Note
-------+----------+-------------------------------------------
     0 | D:1      | Pooter the Minotaur Berserker began the quest for the Orb.
     0 | D:1      | Reached XP level 1. HP: 19/19 MP: 0/0
   326 | D:1      | Reached XP level 2. HP: 27/27 MP: 1/1
   434 | D:1      | Reached skill level 1 in Ranged Weapons
   493 | D:1      | Reached ** piety under Trog
   494 | D:1      | Reached XP level 3. HP: 32/33 MP: 2/2
   642 | D:1      | Identified a scroll of acquirement
   642 | D:1      | Acquired the +2 pair of gloves of the Moon Troll {Str+4
                  | Int-5 Dex+2 Slay+2}
   978 | D:2      | Acquired the ring "Qiwkeuz" {rPois rC+ Dex-2 Stlth+}
  1517 | D:3      | Reached XP level 4. HP: 33/40 MP: 3/3
  1544 | D:3      | Reached skill level 5 in Polearms
  1793 | D:3      | Found a glowing golden altar of the Shining One.
  1865 | D:3      | Found a bloodstained altar of Trog.
  1946 | D:3      | Reached XP level 5. HP: 47/47 MP: 4/4
  2283 | D:4      | Found a staircase to the Ecumenical Temple.
  2338 | D:4      | Reached skill level 1 in Axes
  2381 | D:4      | Found Ecokhah's Weapon Shoppe.
  2576 | D:4      | Gained mutation: You have very sharp teeth. [potion of
                  | mutation]
  2576 | D:4      | Gained mutation: You sometimes lose your temper in combat.
                  | [potion of mutation]
  2577 | D:4      | Lost mutation: You sometimes lose your temper in combat.
                  | [potion of mutation]
  2577 | D:4      | Lost mutation: You have very sharp teeth. [potion of
                  | mutation]
  2577 | D:4      | Gained mutation: You have a somewhat thin skeletal
                  | structure. (Dex +2, Stealth+) [potion of mutation]
  2577 | D:4      | Gained mutation: Your natural rate of healing is unusually
                  | fast. [potion of mutation]
  2619 | D:4      | Reached *** piety under Trog
  2773 | D:4      | Reached skill level 2 in Axes
  2820 | D:4      | Reached XP level 6. HP: 51/55 MP: 5/5
  2985 | D:4      | Found an ancient bone altar of Kikubaaqudgha.
  3069 | D:5      | Entered Level 5 of the Dungeon
  3155 | D:5      | Noticed an ice beast
  3160 | D:5      | Killed an ice beast
  3161 | D:5      | Reached skill level 5 in Fighting
  3161 | D:5      | Reached skill level 3 in Axes
  3486 | D:5      | Reached XP level 7. HP: 41/61 MP: 6/6
  3532 | D:5      | Reached skill level 4 in Axes
  3573 | D:5      | Reached skill level 5 in Ranged Weapons
  4176 | D:6      | Reached skill level 5 in Axes
  4204 | D:6      | Found a sparkling altar of Nemelex Xobeh.
  4205 | D:6      | Found a white marble altar of Elyvilon.
  4205 | D:6      | Found a radiant altar of Vehumet.
  4510 | D:6      | Reached XP level 8. HP: 60/70 MP: 7/7
  4535 | D:6      | Reached skill level 6 in Axes
  4575 | D:6      | Found a one-way gate to the infinite horrors of the Abyss.
  4617 | D:6      | Found a corrupted altar of Lugonu.
  5114 | D:6      | Noticed a slime creature
  5117 | D:6      | Killed a slime creature
  5118 | D:6      | Reached skill level 7 in Axes
  5118 | D:6      | Noticed a slime creature
  5123 | D:6      | Killed a slime creature
  5515 | D:7      | Reached XP level 9. HP: 76/79 MP: 8/8
  5521 | D:6      | Reached skill level 8 in Axes
  6165 | D:7      | Reached **** piety under Trog
  6250 | D:7      | Reached skill level 9 in Axes
  6699 | D:8      | Noticed Maurice
  6711 | D:8      | Killed Maurice
  6753 | D:8      | Found a snail-covered altar of Cheibriados.
  6870 | D:8      | Found a shadowy altar of Dithmenos.
  6937 | D:8      | Reached skill level 10 in Axes
  7111 | D:8      | Noticed Psyche
  7127 | D:8      | Killed Psyche
  7128 | D:8      | Reached skill level 10 in Ranged Weapons
  7128 | D:8      | Reached XP level 10. HP: 90/90 MP: 9/9
  7600 | D:9      | Found a blossoming altar of Fedhas.
  7616 | D:9      | Noticed a two-headed ogre
  7624 | D:9      | Killed a two-headed ogre
  7711 | D:9      | Identified the +1 robe "Lominops" {rF+ Int-4 Stlth+}
  7806 | D:9      | Found an opulent altar of Gozag.
  7847 | D:9      | Found a glowing silver altar of Zin.
  7974 | D:9      | Noticed a death yak
  7977 | D:9      | Noticed a death yak
  7977 | D:9      | Noticed a death yak
  7985 | D:9      | Killed a death yak
  7986 | D:9      | Reached skill level 11 in Axes
  7990 | D:9      | Killed a death yak
  7994 | D:9      | Killed a death yak
  8001 | D:9      | Reached skill level 12 in Axes
  8001 | D:9      | Noticed a cyclops
  8015 | D:9      | Reached XP level 11. HP: 86/99 MP: 10/10
  8027 | D:9      | Reached skill level 10 in Fighting
  8041 | D:9      | Found a staircase to the Lair.
  8407 | D:9      | Found Vexkuy's Armour Shop.
  8615 | D:10     | Entered Level 10 of the Dungeon
  8700 | D:10     | Found a broken altar of Ashenzari.
  8926 | D:10     | Noticed Erolcha
  8940 | D:10     | Killed Erolcha
  8941 | D:10     | Reached skill level 13 in Axes
  9387 | D:10     | Noticed Harold
  9395 | D:10     | Killed Harold
  9628 | Lair:1   | Entered Level 1 of the Lair of Beasts
  9783 | Lair:1   | Reached skill level 1 in Evocations
 10066 | Lair:1   | Reached skill level 14 in Axes
 10066 | Lair:1   | Reached XP level 12. HP: 108/110 MP: 11/11
 10343 | Lair:2   | Noticed Newt's ghost (journeyman KoHu)
 10479 | Lair:2   | Found a dark tunnel.
 10484 | Volcano  | Entered a volcano
 10684 | Volcano  | Found a radiant altar of Vehumet.
 10687 | Volcano  | Reached skill level 15 in Axes
 11239 | Lair:2   | Found a transporter.
 11242 | Lair:2   | Found a transporter.
 11271 | Lair:2   | You fall into a shaft and drop 2 floors!
 11426 | Lair:4   | Reached XP level 13. HP: 117/118 MP: 12/12
 11612 | Lair:4   | Reached skill level 15 in Ranged Weapons
 11956 | Lair:3   | Noticed Kirke
 11966 | Lair:3   | Reached skill level 16 in Axes
 11975 | Lair:3   | Killed Kirke
 11976 | Lair:3   | Reached skill level 5 in Evocations
 12132 | Lair:3   | Noticed Gastronok
 12144 | Lair:3   | Killed Gastronok
 12240 | Lair:3   | Found a staircase to the Swamp.
 12364 | Lair:3   | Noticed Sonja
 12372 | Lair:3   | Killed Sonja
 12524 | Lair:3   | Reached ***** piety under Trog
 12556 | Lair:3   | Found a staircase to the Snake Pit.
 12671 | Lair:3   | Received a gift from Trog
 13586 | Lair:5   | Entered Level 5 of the Lair of Beasts
 13828 | Lair:5   | Reached skill level 17 in Axes
 14078 | Lair:5   | Identified the +1 whip of the Bouncing Nightcaps {vamp, rN+
                  | Will- Str+3}
 14198 | Lair:5   | Reached XP level 14. HP: 113/129 MP: 13/13
 16021 | Lair:5   | Found a large runed translucent door.
 16022 | Lair:5   | Found a large runed translucent door.
 16142 | Lair:5   | Found a runed translucent door.
 16155 | Lair:5   | Found a staircase to the Slime Pits.
 16286 | Lair:5   | Found the +11 Singing Sword {sonic wave}
 16390 | Lair:5   | Upgraded the game from 0.30-a0-1008-g30c9307041 to
                  | 0.30-a0-1016-gfb0d676c02
 16636 | D:11     | Found a staircase to the Orcish Mines.
 16640 | Orc:1    | Entered Level 1 of the Orcish Mines
 18167 | Orc:1    | Reached skill level 18 in Axes
 18634 | Orc:2    | Entered Level 2 of the Orcish Mines
 18901 | Orc:2    | Found a staircase to the Elven Halls.
 19507 | Orc:2    | Received a gift from Trog
 20580 | Orc:2    | Reached XP level 15. HP: 137/138 MP: 14/14
 20884 | Orc:2    | Found Dumastru's Assorted Antiques.
 20884 | Orc:2    | Found Caseid's Antique Weapon Shop.
 20885 | Orc:2    | Found Ugyici's Armour Shop.
 20885 | Orc:2    | Found Muwkoir's Book Shoppe.
 20892 | Orc:2    | Bought a pitted battleaxe for 391 gold pieces
 20892 | Orc:2    | Identified the +3 battleaxe of the Secret Beds {flame,
                  | Drain Int+7} (You bought it in a shop on level 2 of the
                  | Orcish Mines)
 20895 | Orc:2    | Bought a glowing war axe for 156 gold pieces
 21205 | D:11     | Found a large runed translucent door.
 21205 | D:11     | Found a large runed translucent door.
 21869 | D:11     | Paralysed by an air elemental for 1 turns
 22077 | D:12     | Noticed Azrael
 22082 | D:12     | Killed Azrael
 22180 | D:12     | Found a frozen archway.
 22207 | IceCv    | Entered an ice cave
 22264 | IceCv    | Found a transporter.
 22269 | IceCv    | Identified the +0 robe of Roih {*Slow Str+5 Archmagi}
 22273 | IceCv    | Found a transporter.
 22297 | IceCv    | Reached skill level 19 in Axes
 22335 | IceCv    | Identified the +4 scimitar "Werchucui" {antimagic, rF+
                  | Int+2 Stlth-}
 22591 | D:12     | Found a runed translucent door.
 22693 | D:12     | Noticed a frost giant
 22697 | D:12     | Killed a frost giant
 22741 | D:12     | Identified the ring of Xozxit {Fly Int+2 SInv}
 23822 | D:14     | Reached skill level 1 in Stealth
 23838 | D:14     | Found a gate to the Vaults.
 23969 | D:14     | Received a gift from Trog
 23990 | D:14     | Reached skill level 5 in Armour
 24059 | D:14     | You are sucked into a shaft and drop 1 floor!
 24059 | D:15     | Entered Level 15 of the Dungeon
 24136 | D:15     | Acquired the +12 plate armour of the Jabberwock {rC++
                  | Regen+ Dex+4 Stlth-}
 24310 | D:15     | Identified Roxanne's Grimoire of Changes
 24310 | D:15     | Noticed Roxanne
 24335 | D:14     | Reached skill level 15 in Fighting
 25537 | D:14     | Acquired the +3 pair of gauntlets of War {Slay+5}
 25537 | D:14     | Found the +3 pair of gauntlets of War {Slay+5}
 25633 | D:14     | Reached XP level 16. HP: 147/149 MP: 15/15
 26141 | D:15     | Killed Roxanne
 26291 | D:15     | Reached skill level 5 in Dodging
 26331 | D:15     | Found an iron altar of Okawaru.
 26501 | D:15     | Found a staircase to the Depths.
 26830 | Lair:2   | Killed Newt's ghost
 27215 | Snake:1  | Entered Level 1 of the Snake Pit
 27562 | Snake:1  | Found Gukhly Gaca's Distillery.
 27569 | Snake:1  | Bought a potion of might for 80 gold pieces
 27569 | Snake:1  | Bought a potion of cancellation for 160 gold pieces
 27569 | Snake:1  | Bought a potion of cancellation for 160 gold pieces
 27569 | Snake:1  | Found Niquaqoo's Distillery.
 27575 | Snake:1  | Bought a potion of curing for 45 gold pieces
 27580 | Snake:1  | Found Inkuva's Gadget Gallery.
 27588 | Snake:1  | Bought a wand of iceblast (2) for 52 gold pieces
 27588 | Snake:1  | Bought a box of beasts for 440 gold pieces
 27588 | Snake:1  | Bought a tin of tremorstones (2/2) for 440 gold pieces
 27588 | Snake:1  | Bought a wand of paralysis (4) for 105 gold pieces
 28304 | Snake:1  | Received a gift from Trog
 28542 | Snake:2  | Reached skill level 5 in Stealth
 28820 | Snake:2  | Identified the +1 leather armour "Umuomit" {-Tele rElec
                  | Dex+3 Stlth+}
 30032 | Snake:4  | Entered Level 4 of the Snake Pit
 30056 | Snake:4  | Noticed Vashnia
 30241 | Snake:4  | Reached XP level 17. HP: 147/159 MP: 16/16
 30363 | Snake:4  | Killed Vashnia
 30811 | Snake:4  | Reached skill level 10 in Armour
 30962 | Snake:4  | Got a serpentine rune of Zot
 31099 | Snake:4  | Noticed Aizul
 31110 | Snake:4  | Killed Aizul
 31698 | Swamp:1  | Entered Level 1 of the Swamp
 31779 | Swamp:1  | Noticed Frances
 31789 | Swamp:1  | Received a gift from Trog
 31791 | Swamp:1  | Killed Frances
 31853 | Swamp:1  | Identified the +11 plate armour of Eduffoto {Int+2}
 32542 | Swamp:2  | Reached skill level 10 in Dodging
 32813 | Swamp:2  | Noticed Mlioglotl
 32820 | Swamp:2  | Killed Mlioglotl
 33263 | Swamp:2  | Reached XP level 18. HP: 107/171 MP: 17/17
 33491 | Swamp:3  | Lost mutation: Your natural rate of healing is unusually
                  | fast. [potion of mutation]
 33491 | Swamp:3  | Lost mutation: You have a somewhat thin skeletal structure.
                  | (Dex +2, Stealth+) [potion of mutation]
 33491 | Swamp:3  | Gained mutation: You are partially covered in large bone
                  | plates. (SH +4) [potion of mutation]
 33491 | Swamp:3  | Gained mutation: You are somewhat resistant to further
                  | mutation. [potion of mutation]
 33492 | Swamp:3  | Lost mutation: You are somewhat resistant to further
                  | mutation. [potion of mutation]
 33492 | Swamp:3  | Lost mutation: You are partially covered in large bone
                  | plates. (SH +4) [potion of mutation]
 33492 | Swamp:3  | Gained mutation: Armour fits poorly on your strangely
                  | shaped body. [potion of mutation]
 33493 | Swamp:3  | Lost mutation: Armour fits poorly on your strangely shaped
                  | body. [potion of mutation]
 33493 | Swamp:3  | Gained mutation: Your skin changes colour to match your
                  | surroundings (Stealth+). [potion of mutation]
 33493 | Swamp:3  | Gained mutation: You occasionally lose the ability to drink
                  | potions when taking damage. [potion of mutation]
 33493 | Swamp:3  | Gained mutation: Your spells are a little easier to cast,
                  | but a little less powerful. [potion of mutation]
 33494 | Swamp:3  | Lost mutation: Your spells are a little easier to cast, but
                  | a little less powerful. [potion of mutation]
 33494 | Swamp:3  | Lost mutation: You occasionally lose the ability to drink
                  | potions when taking damage. [potion of mutation]
 33494 | Swamp:3  | Gained mutation: You have large cloven feet. [potion of
                  | mutation]
 33494 | Swamp:3  | Gained mutation: You are resistant to electric shocks.
                  | (rElec) [potion of mutation]
 33794 | Swamp:4  | Entered Level 4 of the Swamp
 34142 | Swamp:4  | Reached skill level 1 in Throwing
 34205 | Swamp:4  | Identified the +5 hand axe "Peghorif" {flame, rC+ Will+
                  | Int+3 Stlth+}
 34326 | Swamp:4  | Reached ****** piety under Trog
 34508 | Swamp:4  | Received a gift from Trog
 34577 | Swamp:4  | Noticed the 27-headed Lernaean hydra
 36641 | Swamp:4  | Killed the 26-headed Lernaean hydra
 36724 | Swamp:4  | Reached skill level 10 in Evocations
 37530 | Swamp:4  | Got a decaying rune of Zot
 37823 | Elf:1    | Entered Level 1 of the Elven Halls
 38187 | Elf:1    | Noticed Donald
 38198 | Elf:1    | Killed Donald
 38228 | Elf:1    | Received a gift from Trog
 38442 | Elf:1    | Found a crumbling gateway.
 38509 | Elf:1    | Noticed Agnes
 38515 | Elf:1    | Killed Agnes
 39091 | Elf:1    | Reached skill level 20 in Axes
 39581 | Elf:2    | Paralysed by an air elemental for 1 turns
 39585 | Elf:2    | Paralysed by an air elemental for 1 turns
 39784 | Elf:2    | Found a runed translucent gate.
 39784 | Elf:2    | Found a runed translucent gate.
 39784 | Elf:2    | Found a runed translucent gate.
 40016 | Elf:2    | Received a gift from Trog
 40271 | Elf:3    | Entered Level 3 of the Elven Halls
 40288 | Elf:3    | Reached XP level 19. HP: 164/181 MP: 18/18
 40454 | Elf:3    | Found Dafuf's Magic Scroll Shop.
 40458 | Elf:3    | Bought a scroll of magic mapping for 112 gold pieces
 42687 | Elf:3    | Reached skill level 5 in Throwing
 42687 | Elf:3    | Reached skill level 10 in Stealth
 45002 | Elf:3    | Identified the +8 chain mail of the Echidna {Dex+2}
 45348 | Elf:3    | Received a gift from Trog
 45863 | Elf:3    | Identified the staff of death "Yga Faes" {rN+ Dex+3}
 45869 | Elf:3    | Identified the +1 shortbow of the Protecting Shrike {flame,
                  | rF++ Dex-5 SInv}
 45890 | Elf:3    | Reached skill level 21 in Axes
 45983 | Elf:3    | Identified the staff of fire "Casali" {rF+ rC++ rN+ Str-5
                  | Int-3}
 46278 | Elf:3    | Identified the +0 pair of gloves of the Final Quests {rPois
                  | Will+ Int+3}
 46857 | Slime:1  | Entered Level 1 of the Pits of Slime
 46938 | Slime:2  | Paralysed by a great orb of eyes for 2 turns
 46943 | Slime:2  | Gained mutation: You are dopey. (Int -2) [a shining eye]
 46944 | Slime:2  | Gained mutation: You occasionally lose the ability to read
                  | scrolls when taking damage. [a shining eye]
 46952 | Slime:1  | Lost mutation: Your skin changes colour to match your
                  | surroundings (Stealth+). [potion of mutation]
 46952 | Slime:1  | Lost mutation: You occasionally lose the ability to read
                  | scrolls when taking damage. [potion of mutation]
 46952 | Slime:1  | Gained mutation: Your spells are a little easier to cast,
                  | but a little less powerful. [potion of mutation]
 46952 | Slime:1  | Gained mutation: You are partially covered in iridescent
                  | scales. (AC +2) [potion of mutation]
 46962 | Lair:5   | Upgraded the game from 0.30-a0-1016-gfb0d676c02 to
                  | 0.30-a0-1018-g25214051b3
 47218 | Vaults:1 | Entered Level 1 of the Vaults
 47662 | Vaults:1 | Found Zerch's General Store.
 47671 | Vaults:1 | Bought a wand of paralysis (5) for 216 gold pieces
 47671 | Vaults:1 | Bought 2 potions of invisibility for 288 gold pieces
 47857 | Vaults:1 | Received a gift from Trog
 48217 | Vaults:1 | Reached XP level 20. HP: 193/193 MP: 19/19
 48459 | Vaults:2 | Noticed Bai Suzhen
 48555 | Vaults:2 | Killed Bai Suzhen
 48666 | Vaults:2 | Reached skill level 22 in Axes
 48934 | Vaults:2 | Received a gift from Trog
 48939 | Vaults:2 | Reached skill level 15 in Armour
 49032 | Vaults:2 | Found Ruroc's Armour Shoppe.
 49855 | Vaults:2 | Found a staircase to the Crypt.
 49855 | Vaults:2 | Found an ancient bone altar of Kikubaaqudgha.
 49855 | Vaults:2 | Found a basalt altar of Yredelemnul.
 49862 | Crypt:1  | Entered Level 1 of the Crypt
 49928 | Crypt:1  | Received a gift from Trog
 50221 | Crypt:1  | Paralysed by a vampire knight for 2 turns
 50263 | Crypt:1  | Reached skill level 23 in Axes
 50561 | Crypt:1  | Identified the +7 war axe of Gehenna {antimagic, +Blink
                  | Fly}
 50622 | Crypt:1  | Identified the +8 arbalest of Doom {penet, Fragile Will+
                  | Int+2 Stlth+}
 50801 | Crypt:1  | Reached XP level 21. HP: 188/199 MP: 20/20
 50996 | Crypt:2  | Noticed Jory
 51002 | Crypt:2  | Killed Jory
 51125 | Crypt:2  | Noticed Sojobo
 51134 | Crypt:2  | Killed Sojobo
 51162 | Crypt:2  | Found a magical portal.
 51167 | WizLab   | Entered Zonguldrok's Shrine
 51622 | WizLab   | Noticed an antique lich
 51630 | WizLab   | Killed an antique lich
 51633 | WizLab   | Found the +9 sword of Zonguldrok {reap}
 51850 | Crypt:2  | Received a gift from Trog
 52616 | Crypt:2  | Noticed Saint Roka
 52629 | Crypt:2  | Killed Saint Roka
 53205 | Crypt:2  | Identified the +7 rapier "Sadot" {freeze, *Rage *Noise
                  | Int+8 SInv}
 53488 | Crypt:3  | Entered Level 3 of the Crypt
 54323 | Crypt:3  | Noticed Vv
 54330 | Crypt:3  | Noticed Xtahua
 54344 | Crypt:2  | HP: 3/182 [Vv (10)]
 54345 | Crypt:2  | Mangled by Vv

Illustrated notes

Levels and vault maps discovered:
D:1:      tarquinn_simple_flora_water_f, layout_basic
D:2:      layout_basic
D:3:      layout_loops_cross, general_overflow_altar, trog_book,
          glass_columns_a, nicolae_underground_beach
D:4:      layout_basic, lemuel_round_altar, minmay_temple_entry_from_below_b,
          serial_shops, shop
D:5:      layout_basic
D:6:      cheibrodos_fertilizer, layout_layer_cave,
          chequers_temple_overflow_statue_of_worship,
          amcnicky_altar_lugonu_corruption
D:7:      old_forge, layout_cave_pods, serial_column_ruins, column_ruins_hut,
          column_ruins_square_huge, column_ruins_corridor_straight,
          column_ruins_columns_corner, column_ruins_open_small,
          column_ruins_open_large, column_ruins_open_small
D:8:      layout_loops_ring, cheibriados_altar_1,
          mainiacjoe_overflow_six_doors_small, uniq_maurice, uniq_psyche
D:9:      layout_loops_corners, pdpol_temple_overflow_zin_treasury_gozag_greed,
          fedhas_bush_and_centaur_altar, dpeg_lair_monsters, serial_shops,
          kennysheep_mini, minmay_misc_feat_tower
D:10:     layout_basic, nicolae_ashenzari_skybound, serial_corexii_hall,
          corexii_hall_statues_x, corexii_hall_statues_i, uniq_erolcha,
          uniq_harold
D:11:     layout_roguey, orc_0_dummy, roderic_roman_lattice,
          lightli_elemental_guards
D:12:     layout_roguey, serial_glass, glass_columns_a, glass_columns_b,
          portal_ice_cave_entry_ice_simulacra,
          eino_small_chamber_without_monster, minivault_13, uniq_azrael
D:13:     layout_roguey
D:14:     lemuel_troll_bridge, layout_irregular_city, erik_vaults_2,
          corexii_hall_statues_t
D:15:     gammafunk_enter_depths_forms, layout_gridville,
          okawaru_metal_pillars_1_2, uniq_roxanne
Lair:1:   layout_gridlike, grunt_megastairs_3, infiniplex_staircase_pool
Lair:2:   layout_regular_city, nicolae_volcano_entry_s_turn, nzn_ghost_randoct,
          gauntlet_entry_generic, minivault_19, columned_hall_lemuel
Lair:3:   layout_chaotic_city, swamp_mist, minmay_snake_entry_six_corridors,
          chequers_serial_rivers_micro_a, uniq_sonja, uniq_gastronok, uniq_kirke
Lair:4:   layout_cellular_growth, dreamdust_deal_with_the_devil,
          grunt_forest_stairs_basic
Lair:5:   cheibrodos_lair_end_hotspot, layout_misc_corridors, slime_entry_2
Swamp:1:  layout_falls_marsh, nicolae_swamp_big_swirl, uniq_frances
Swamp:2:  layout_basic_swamp, serial_swamp_ruin, evilmike_swamp_ruin_house_2,
          evilmike_swamp_ruin_house_1, hangedman_swamp_ruin_hall, swamp_pool3,
          nicolae_swamp_wisp_ring_woods, uniq_mlioglotl
Swamp:3:  layout_falls_marsh, evilmike_swamp_ruin_house_6
Swamp:4:  swamp_old_school, layout_basic_swamp, swamp_pool1,
          nicolae_swamp_feature_on_the_river_bank
Snake:1:  layout_grid_maze, nicolae_shop_gadgets, lemuel_fruit_tree,
          minmay_shoptagon
Snake:2:  layout_concentric_octagons
Snake:3:  layout_cave_town, grunt_megastairs_4
Snake:4:  grunt_snake_rune_pools, layout_onion, uniq_vashnia, uniq_aizul
Slime:1:  layout_caves
Slime:2:  layout_caves, uniq_dissolution
Orc:1:    layout_diamond_mine, nicolae_orc_crystal_geode
Orc:2:    st_orc_ogre_mass, layout_caves, mines1_david
Elf:1:    eino_elf_arrival_shootout, layout_loops_cross,
          portal_desolation_entry_nicolae_forbidding_blocks,
          minmay_elf_necromancy, st_stairs_2, kennysheep_underground_church,
          uniq_donald, uniq_agnes
Elf:2:    elven_hall_of_blades_hangedman_original
          [nicolae_blade_entry_hurt_lockers], layout_loops_corners
Elf:3:    grunt_elf_hall_diamonds, layout_geoelf_castle, serial_shops,
          shop_statue
Vaults:1: nicolae_vaults_rhombus_7, v_pattern_5, v_alt_pattern_5,
          nicolae_vaults_twisting_passages, nicolae_vaults_little_squares_3,
          nicolae_vaults_stairing_the_circle, vaults_room_guarded_vault,
          layout_vaults_omnigrid, serial_shops, nicolae_lakefront_shop
Vaults:2: nicolae_vaults_fighting_squares, vaults_room_hallway,
          ontoclasm_vaults_decontamination, minmay_crypt_entry_necro_gods,
          v_rooms_2, dpeg_vaults_monster_box, hangedman_vaults_nails, v_rooms_5,
          hangedman_vaults_stitches, v_misc_2, vaults_dpeg_encased_lava,
          grunt_vaults_diagonal, vaults_dpeg_doors, nicolae_vaults_little_ls,
          grunt_vaults_hallway_long, layout_vaults_omnibox, serial_shops, shop,
          uniq_bai_suzhen
Crypt:1:  layout_regular_city, grunt_crypt_arrival_split
Crypt:2:  layout_misc_corridors, infiniplex_enter_wizlab_spiral, st_stairs_14,
          grunt_megastairs_5, uniq_jory, uniq_sojobo, uniq_saint_roka
Crypt:3:  lightli_unholy_cathedral, layout_chaotic_city,
          nicolae_fountain_basement, uniq_vv, uniq_xtahua

Skill      XL: |  1  2  3  4  5  6  7  8  9 10 11 12 13 14 15 16 17 18 19 20 21 |
---------------+----------------------------------------------------------------+-----
Polearms       | 4 5 |  5.3
Fighting       | 4 5 6 7 8 9 11 12 13 14 15 16 17 18 19 20 | 20.9
Ranged Weapons | 1 2 3 4 6 7 10 11 13 14 16 17 18 | 18.9
Axes           | 2 3 5 7 10 12 14 15 17 18 19 20 21 23 | 23.9
Evocations     | 2 4 6 7 8 9 10 11 | 11.3
Armour         | 5 9 11 13 14 15 | 15.0
Stealth        | 3 6 8 9 10 11 12 | 12.4
Dodging        | 4 7 10 11 12 | 12.3
Throwing       | 4 6 8 |  8.0

Action                     |  1- 3 |  4- 6 |  7- 9 | 10-12 | 13-15 | 16-18 | 19-21 || total
---------------------------+-------+-------+-------+-------+-------+-------+-------++-------
  Melee: Spear             |    94 |    20 |       |       |       |       |       ||   114
         Headbutt          |    12 |    13 |    18 |    54 |    74 |    76 |   149 ||   396
         Trident           |       |    24 |       |       |       |       |       ||    24
         Battleaxe         |       |    54 |   140 |   266 |   337 |   392 |   617 ||  1806
         Unarmed           |       |       |     3 |       |       |       |       ||     3
         Eveningstar       |       |       |       |       |    13 |       |       ||    13
         Punch             |       |       |       |       |     1 |       |       ||     1
         Dire flail        |       |       |       |       |    25 |     5 |       ||    30
         Kick              |       |       |       |       |       |       |   270 ||   270
         Great mace        |       |       |       |       |       |       |    42 ||    42
         Executioner's axe |       |       |       |       |       |       |     3 ||     3
   Fire: Sling             |    21 |    37 |       |       |       |       |       ||    58
         Shortbow          |       |     2 |    54 |    85 |       |       |       ||   141
         Hand crossbow     |       |       |       |    29 |   549 |   217 |       ||   795
         Arbalest          |       |       |       |       |       |   425 |   422 ||   847
  Throw: Boomerang         |     5 |    11 |     2 |    18 |     7 |     4 |    13 ||    60
         Dart              |       |       |     9 |     5 |       |     3 |     2 ||    19
         Javelin           |       |       |       |       |       |       |     1 ||     1
 Invoke: Berserk           |       |     3 |     4 |     6 |     6 |     8 |     9 ||    36
         Trog's Hand       |       |       |     4 |    16 |    16 |    18 |    36 ||    90
         Brothers in Arms  |       |       |       |       |       |       |     5 ||     5
  Evoke: Wand              |       |       |     7 |     8 |     6 |     9 |    16 ||    46
         Condenser vane    |       |       |       |     1 |     3 |     5 |     1 ||    10
         Tin of tremorston |       |       |       |       |       |     7 |     3 ||    10
         Box of beasts     |       |       |       |       |       |     1 |       ||     1
    Use: Scroll            |     9 |     3 |    11 |     5 |     9 |    10 |     9 ||    56
         Potion            |       |     2 |       |     2 |     1 |    10 |    10 ||    25
   Stab: Invisible         |       |       |       |       |     2 |       |     4 ||     6
         Paralysed         |       |       |       |       |     1 |       |     3 ||     4
         Confused          |       |       |       |       |     2 |       |       ||     2
 Armour: Chain mail        |    28 |    55 |    75 |    59 |   200 |    34 |       ||   451
         Plate armour      |       |       |       |    60 |    18 |   446 |   612 ||  1136
         Scale mail        |       |       |       |       |     2 |       |       ||     2
  Dodge: Dodged            |    24 |    52 |    67 |   105 |   202 |   286 |   405 ||  1141
  Block: Other             |       |       |    43 |    67 |    85 |   121 |   163 ||   479
         Reflection        |       |       |     1 |     5 |     3 |    19 |    11 ||    39

Table legend: (Time is in decaauts)
 A = Elapsed time spent in this place.
 B = Non-inter-level travel time spent in this place.
 C = Inter-level travel time spent in this place.
 D = Time resting spent in this place.
 E = Time spent auto-exploring this place.
 F = Levels seen in this place.
 G = Mean time per level.
                   A        B        C        D        E       F      G
               +--------+--------+--------+--------+--------+-----+--------+
         Total |  55004 |  52120 |   2884 |  20747 |  20846 |  43 | 1279.2 |
       Dungeon |  16119 |  14855 |   1264 |   3343 |   8700 |  15 | 1074.6 |
          Lair |   7088 |   6501 |    587 |   2067 |   3117 |   5 | 1417.6 |
         Swamp |   6010 |   5845 |    165 |   3327 |   1793 |   4 | 1502.5 |
     Snake Pit |   4526 |   4325 |    201 |    906 |   2647 |   4 | 1131.5 |
    Slime Pits |    105 |    105 |      0 |     34 |      0 |   2 |   52.5 |
  Orcish Mines |   4628 |   4409 |    219 |   3093 |    672 |   2 | 2314.0 |
   Elven Halls |   8810 |   8580 |    230 |   5492 |   1373 |   3 | 2936.7 |
        Vaults |   2666 |   2614 |     52 |    316 |   1382 |   2 | 1333.0 |
         Crypt |   3999 |   3836 |    163 |   1858 |   1051 |   3 | 1333.0 |
      Ice Cave |    151 |    151 |      0 |     39 |     21 |   1 |  151.0 |
       Volcano |    337 |    337 |      0 |      8 |     61 |   1 |  337.0 |
        Wizlab |    559 |    559 |      0 |    260 |     28 |   1 |  559.0 |
               +--------+--------+--------+--------+--------+-----+--------+

Top non-repeatable levels by time:
   Elf:3: 6256 daAuts
 Swamp:4: 3781 daAuts
  Lair:5: 2966 daAuts
   Orc:1: 2482 daAuts
 Crypt:2: 2460 daAuts
    D:14: 2225 daAuts
   Orc:2: 2146 daAuts
     D:9: 1558 daAuts
 Crypt:1: 1409 daAuts
Vaults:2: 1406 daAuts
     D:6: 1369 daAuts
 Snake:1: 1360 daAuts
 Snake:4: 1349 daAuts
   Elf:1: 1311 daAuts
Vaults:1: 1260 daAuts
